 Dungeon Crawl Stone Soup version 0.30-a0-1112-gfb780f5df6 (webtiles) character file.

Game seed: 2209498840426504837

3494 LobsterGuardian the Nimble (level 10, -18/77 HPs)
             Began as a Gnoll Gladiator on Apr 20, 2023.
             Was a Follower of Uskayaw.
             Demolished by Joseph
             ... wielding a +0 quarterstaff
              (20 damage)
             ... on level 8 of the Dungeon.
             The game lasted 00:38:12 (9947 turns).

LobsterGuardian the Nimble (Gnoll Gladiator)        Turns: 9947, Time: 00:38:12

Health: -18/77     AC:  7    Str: 12    XL:     10   Next: 7%
Magic:  13/17      EV: 15    Int:  7    God:    Uskayaw [*.....]
Gold:   226        SH:  0    Dex: 20    Spells: 17/19 levels left

rFire   . . .      SeeInvis .    i - +2 war axe of Kaeckaco {flame, rElec rC+ Str-2}
rCold   + + +      Faith    .    j - orb {mayhem}
rNeg    . . .      Spirit   .    w - +0 ring mail of Impatience {rElec rC++}
rPois   +          Reflect  .    c - +0 helmet
rElec   +          Rampage  .    (no cloak)
rCorr   .                        (no gloves)
Will    .....                    (no boots)
Stlth   +++                      (no amulet)
HPRegen 0.32/turn                t - ring of poison resistance
MPRegen 0.15/turn                (no ring)

@: about to teleport
A: fangs 1, strong nose, distributed training, agile 1
a: Renounce Religion, Stomp


You were on level 8 of the Dungeon.
You worshipped Uskayaw.
Uskayaw was noncommittal.
You visited 2 branches of the dungeon, and saw 9 of its levels.
You also visited: Sewer.

You collected 438 gold pieces.
You spent 212 gold pieces at shops.

Inventory:

Hand Weapons
 a - a +0 war axe
 i - the +2 war axe of Kaeckaco (weapon) {flame, rElec rC+ Str-2}
   (You bought it in a shop on level 5 of the Dungeon)

   Str:       It affects your strength (-2).
   rC:        It protects you from cold.
   rElec:     It insulates you from electricity.
Armour
 b - a +0 leather armour
 c - a +0 helmet (worn)
 h - a +0 kite shield
 j - an orb of mayhem (worn)
 w - the +0 ring mail of Impatience (worn) {rElec rC++}
   (You found it on level 7 of the Dungeon)

   rC:        It greatly protects you from cold.
   rElec:     It insulates you from electricity.
Jewellery
 t - a ring of poison resistance (left hand)
 u - an amulet of reflection
Wands
 s - a wand of flame (6)
 A - a wand of paralysis (13)
Scrolls
 g - 2 scrolls of butterflies
 k - 2 scrolls of poison {unknown}
 l - 2 scrolls of teleportation
 m - a scroll of torment
 n - 2 scrolls of noise {unknown}
 p - 3 scrolls of fog {unknown}
 y - a scroll of silence {unknown}
 z - 2 scrolls of brand weapon {unknown}
Potions
 f - 2 potions of degeneration
 o - 4 potions of cancellation
 q - a potion of magic
 r - 2 potions of resistance
 x - a potion of mutation
 B - 2 potions of curing


   Skills:
 + Level 6.9 Fighting
 + Level 5.1 Short Blades
 + Level 5.1 Long Blades
 + Level 8.4 Axes
 + Level 5.1 Maces & Flails
 + Level 5.1 Polearms
 + Level 5.1 Staves
 + Level 5.1 Ranged Weapons
 + Level 6.9 Throwing
 + Level 5.1 Armour
 + Level 8.4 Dodging
 + Level 5.1 Stealth
 + Level 5.1 Shields
 + Level 5.1 Unarmed Combat
 + Level 5.1 Spellcasting
 + Level 4.2 Conjurations
 + Level 4.2 Hexes
 + Level 4.2 Summonings
 + Level 4.2 Necromancy
 + Level 4.2 Translocations
 + Level 4.2 Transmutations
 + Level 4.2 Fire Magic
 + Level 4.2 Ice Magic
 + Level 4.2 Air Magic
 + Level 4.2 Earth Magic
 + Level 4.2 Poison Magic
 + Level 5.6 Invocations
 + Level 5.1 Evocations


You had 17 spell levels left.
You knew the following spells:

 Your Spells              Type           Power      Damage    Failure   Level
a - Scorch                Fire           14%        2d6       16%         2

Your spell library contained the following spells:

 Spells                   Type           Power      Damage    Failure   Level
 Apportation              Tloc           14%        N/A       10%         1
 Freeze                   Ice            28%        1d5       10%         1
 Slow                     Hex            28%        N/A       10%         1
 Confusing Touch          Hex            7%         N/A       30%         3
 Frozen Ramparts          Ice            14%        1d3       30%         3
 Hailstorm                Conj/Ice       7%         3d4       30%         3
 Vampiric Draining        Necr           7%         2d6       30%         3
 Volatile Blastmotes      Fire/Tloc      14%        2d11      30%         3
 Airstrike                Air            3%         2d(1-17)  69%         4
 Flame Wave               Conj/Fire      7%         2d5       69%         4
 Alistair's Intoxication  Tmut/Pois      4%         N/A       95%         5
 Summon Cactus Giant      Summ           3%         N/A       100%        6
 Storm Form               Tmut/Air       3%         N/A       100%        7


Dungeon Overview and Level Annotations

Branches:
Dungeon (8/15)             Temple (1/1) D:5           Sewer (visited)
   Lair: D:8-11

Altars:
Ashenzari
Cheibriados
Dithmenos
Elyvilon
Fedhas
Gozag
Hepliaklqana
Kikubaaqudgha
Makhleb
Nemelex Xobeh
Okawaru
Qazlal
Ru
Sif Muna
Trog
Uskayaw
Vehumet
Wu Jian
Xom
Zin

Shops:
D:5 (

Annotations:
D:3 1 runed translucent door, Crazy Yiuf
D:4 3 runed translucent doors, Zvl3's ghost, novice MiHu
D:8 Joseph


Innate Abilities, Weirdness & Mutations

You have very sharp teeth.
Your uncanny sense of smell can sniff out nearby items.
Your experience applies equally to all skills.
You are agile. (Dex +4, Str/Int -1)


Message History

The orc barely misses you.
Unknown command.
Throw: javelin
Press: ? - help, Shift-Dir - straight line, f/p - Joseph
Aim: Joseph, wielding a +0 quarterstaff and wearing a +0 ring mail (71% to hit)
You throw a javelin.
The javelin hits Joseph and shatters for extra damage.
Joseph is lightly wounded.
The orc hits the orc with a +0 club.
The orc dies!
Joseph hits you with a +0 quarterstaff.
You slash Joseph! You burn Joseph.
Joseph is moderately wounded.
You slash the orc! You burn the orc.
You kill the orc!
Joseph flies into a frenzy!
Joseph hits you with a +0 quarterstaff! x2
You hit Joseph. You burn Joseph.
Joseph is moderately wounded.
Joseph closely misses you.
You can now pass through a line of other dancers.
Press: ? - help, v - describe, . - travel
Here: Joseph, wielding a +0 quarterstaff and wearing a +0 ring mail (moderately wounded, fast, strong, frenzied and insane)
The floor.
Joseph hits you with a +0 quarterstaff!
Okay, then.
You feel better.
Joseph hits you with a +0 quarterstaff!!
Okay, then.
As you read the scroll of teleportation, it crumbles to dust.
You feel strangely unstable.
Joseph hits you with a +0 quarterstaff!!
* * * LOW HITPOINT WARNING * * *
Joseph hits you with a +0 quarterstaff.
* * * LOW HITPOINT WARNING * * *
Aiming: Line Pass
Press: ? - help, Dir - move target, p - Joseph Joseph appears confused.
You can no longer pass through a line of other dancers.
Joseph hits you with a +0 quarterstaff!!
You die...

##############
.........(....#
#######..#### #@# .#
.............###@###.##
.................)....#
......................###
..................)))...#
............####.###..###
##..###...# #.# ..# #..#
...######.# .#
##..###..........# #


You could see the neutral Joseph (fast, strong, insane, confused).

Vanquished Creatures
  2 hornets
  A steam dragon (D:7)
  Grum (D:8)
  Edmund (D:5)
  A water moccasin (D:5)
  An orc warrior (D:7)
  2 black bears
  A sky beast (D:7)
  5 ice beasts
  3 wolves (D:8)
  2 ogres (D:5)
  3 bullfrogs
  A gnoll sergeant (D:5)
  6 howler monkeys
  3 hounds
  6 jellies
  3 orc priests
  A sleepcap (D:5)
  3 orc wizards (D:8)
  An iguana (D:7)
  A river rat (Sewer)
  15 adders
  8 gnolls
  A shadow imp (D:6)
  3 ufetubi
  2 worms
  4 dart slugs
  24 orcs
  18 ball pythons
  3 bats
  19 endoplasms
  7 giant cockroaches
  2 goblins
  3 hobgoblins
  3 jackals (D:3)
  5 quokkas
  2 frilled lizards
  9 kobolds
  9 rats
185 creatures vanquished.

Vanquished Creatures (collateral kills)
  3 orcs (D:8)
3 creatures vanquished.

Grand Total: 188 creatures vanquished

Notes
Turn   | Place    | Note
-------+----------+-------------------------------------------
     0 | D:1      | LobsterGuardian the Gnoll Gladiator began the quest for the
                  | Orb.
     0 | D:1      | Reached XP level 1. HP: 20/20 MP: 1/1
   117 | D:1      | Reached XP level 2. HP: 22/26 MP: 2/2
   502 | D:1      | Reached XP level 3. HP: 30/31 MP: 3/3
   632 | D:1      | Reached skill level 1 in Invocations
  1153 | D:2      | Reached skill level 1 in Short Blades
  1153 | D:2      | Reached skill level 1 in Long Blades
  1153 | D:2      | Reached skill level 1 in Maces & Flails
  1153 | D:2      | Reached skill level 1 in Polearms
  1153 | D:2      | Reached skill level 1 in Staves
  1153 | D:2      | Reached skill level 1 in Ranged Weapons
  1153 | D:2      | Reached skill level 1 in Armour
  1153 | D:2      | Reached skill level 1 in Stealth
  1153 | D:2      | Reached skill level 1 in Shields
  1153 | D:2      | Reached skill level 1 in Unarmed Combat
  1153 | D:2      | Reached skill level 1 in Spellcasting
  1153 | D:2      | Reached skill level 1 in Evocations
  1162 | D:2      | Reached XP level 4. HP: 38/38 MP: 5/5
  1423 | D:2      | Reached skill level 1 in Conjurations
  1423 | D:2      | Reached skill level 1 in Hexes
  1423 | D:2      | Reached skill level 1 in Summonings
  1423 | D:2      | Reached skill level 1 in Necromancy
  1423 | D:2      | Reached skill level 1 in Translocations
  1423 | D:2      | Reached skill level 1 in Transmutations
  1423 | D:2      | Reached skill level 1 in Fire Magic
  1423 | D:2      | Reached skill level 1 in Ice Magic
  1423 | D:2      | Reached skill level 1 in Air Magic
  1423 | D:2      | Reached skill level 1 in Earth Magic
  1423 | D:2      | Reached skill level 1 in Poison Magic
  2170 | D:3      | Found a runed translucent door.
  2171 | D:3      | Noticed Crazy Yiuf
  2322 | D:3      | Reached XP level 5. HP: 43/43 MP: 7/7
  3172 | D:4      | Found a runed translucent gate.
  3172 | D:4      | Found a runed translucent gate.
  3173 | D:4      | Found a runed translucent gate.
  3321 | D:4      | Learned a level 2 spell: Scorch
  3475 | D:4      | Noticed an ogre
  3477 | D:4      | Noticed Zvl3's ghost (novice MiHu)
  3980 | D:5      | Entered Level 5 of the Dungeon
  4084 | D:5      | Found a glowing drain.
  4215 | Sewer    | Entered a sewer
  4321 | Sewer    | Reached XP level 6. HP: 46/50 MP: 8/8
  4443 | Sewer    | Reached skill level 5 in Fighting
  4443 | Sewer    | Reached skill level 5 in Throwing
  4524 | Sewer    | Found a viscous altar of Jiyva.
  4983 | D:5      | Found a sparkling altar of Nemelex Xobeh.
  5014 | D:5      | Noticed Edmund
  5051 | D:5      | Gained mutation: You are agile. (Dex +4, Str/Int -1)
                  | [potion of mutation]
  5058 | D:5      | Killed Edmund
  5059 | D:5      | Reached XP level 7. HP: 26/56 MP: 1/10
  5515 | D:5      | Reached XP level 8. HP: 45/63 MP: 7/12
  5848 | D:5      | Found a staircase to the Ecumenical Temple.
  5931 | D:5      | Found Fiwemado's Antique Weapon Shoppe.
  5960 | Temple   | Entered the Ecumenical Temple
  6174 | Temple   | Became a worshipper of Uskayaw the Reveller
  6377 | D:5      | Reached * piety under Uskayaw
  6381 | D:5      | Reached ** piety under Uskayaw
  6481 | D:5      | Bought an ancient war axe for 212 gold pieces
  6481 | D:5      | Identified the +2 war axe of Kaeckaco {flame, rElec rC+
                  | Str-2} (You bought it in a shop on level 5 of the Dungeon)
  6925 | D:6      | Got the Octavo of Overcast Lava
  7423 | D:6      | Reached *** piety under Uskayaw
  7524 | D:6      | You fall into a shaft and drop 2 floors!
  7546 | D:7      | Reached XP level 9. HP: 67/69 MP: 3/15
  7683 | D:7      | Noticed a hornet
  7783 | D:7      | Identified the +0 ring mail of Impatience {rElec rC++}
  9152 | D:7      | Killed a hornet
  9153 | D:7      | Reached skill level 5 in Invocations
  9320 | D:7      | Found a blossoming altar of Fedhas.
  9454 | D:8      | Noticed a hornet
  9464 | D:8      | Killed a hornet
  9464 | D:8      | Reached **** piety under Uskayaw
  9627 | D:8      | Noticed Grum
  9637 | D:8      | Killed Grum
  9641 | D:8      | Reached skill level 5 in Short Blades
  9641 | D:8      | Reached skill level 5 in Long Blades
  9641 | D:8      | Reached skill level 5 in Maces & Flails
  9641 | D:8      | Reached skill level 5 in Polearms
  9641 | D:8      | Reached skill level 5 in Staves
  9641 | D:8      | Reached skill level 5 in Ranged Weapons
  9641 | D:8      | Reached skill level 5 in Armour
  9641 | D:8      | Reached skill level 5 in Stealth
  9641 | D:8      | Reached skill level 5 in Shields
  9641 | D:8      | Reached skill level 5 in Unarmed Combat
  9641 | D:8      | Reached skill level 5 in Spellcasting
  9641 | D:8      | Reached skill level 5 in Evocations
  9641 | D:8      | Reached XP level 10. HP: 34/77 MP: 4/17
  9934 | D:8      | Noticed Joseph
  9946 | D:8      | HP: 2/77 [Joseph/+0 quarterstaff (6)]
  9947 | D:8      | Demolished by Joseph

Illustrated notes

Levels and vault maps discovered:
D:1:      dpeg_arrival_ternary, layout_loops_corners, minmay_misc_feat_rugged
D:2:      layout_loops_ring, grunt_ministairs_4, minmay_domino_4
D:3:      layout_basic, uniq_crazy_yiuf_cottage
D:4:      layout_loops_ring, gammafunk_ghost_split
D:5:      minmay_opposing_rooms, layout_loops_corners,
          nemelex_diamond_rough_becter, minmay_temple_entry_mini_moons,
          serial_shops, nicolae_shop_advertising_works
          [nicolae_subvault_shop_adworks], portal_sewer_entry_d, uniq_edmund
D:6:      layout_loops_corners
D:7:      layout_loops_cross, fedhas_altar_2
D:8:      layout_basic, lightli_orcish_oven, uniq_joseph, uniq_maggie, uniq_grum
Temple:   mainiacjoe_temple_bowtie_tessellation

Skill      XL: |  1  2  3  4  5  6  7  8  9 |
---------------+----------------------------+-----
Invocations    | 1 2 3 4 5 |  5.6
Short Blades   | 1 2 3 4 5 |  5.1
Long Blades    | 1 2 3 4 5 |  5.1
Maces & Flails | 1 2 3 4 5 |  5.1
Polearms       | 1 2 3 4 5 |  5.1
Staves         | 1 2 3 4 5 |  5.1
Ranged Weapons | 1 2 3 4 5 |  5.1
Armour         | 1 2 3 4 5 |  5.1
Stealth        | 1 2 3 4 5 |  5.1
Shields        | 1 2 3 4 5 |  5.1
Unarmed Combat | 1 2 3 4 5 |  5.1
Spellcasting   | 1 2 3 4 5 |  5.1
Evocations     | 1 2 3 4 5 |  5.1
Conjurations   | 1 2 3 4 |  4.2
Hexes          | 1 2 3 4 |  4.2
Summonings     | 1 2 3 4 |  4.2
Necromancy     | 1 2 3 4 |  4.2
Translocations | 1 2 3 4 |  4.2
Transmutations | 1 2 3 4 |  4.2
Fire Magic     | 1 2 3 4 |  4.2
Ice Magic      | 1 2 3 4 |  4.2
Air Magic      | 1 2 3 4 |  4.2
Earth Magic    | 1 2 3 4 |  4.2
Poison Magic   | 1 2 3 4 |  4.2
Fighting       | 5 6 |  6.9
Throwing       | 5 6 |  6.9
Axes           | 7 8 |  8.4
Dodging        | 7 8 |  8.4

Action                     |  1- 3 |  4- 6 |  7- 9 | 10-12 || total
---------------------------+-------+-------+-------+-------++-------
  Melee: War axe           |    62 |   187 |   152 |    16 ||   417
         Punch             |     2 |     4 |     7 |       ||    13
         Bite              |     2 |    17 |    17 |     2 ||    38
  Throw: Throwing net      |       |     1 |       |     2 ||     3
         Javelin           |       |       |     2 |     1 ||     3
   Cast: Scorch            |       |    19 |    66 |       ||    85
 Invoke: Stomp             |       |       |     2 |       ||     2
         Line Pass         |       |       |       |     2 ||     2
  Evoke: Wand              |       |       |     3 |       ||     3
    Use: Scroll            |     2 |     8 |     5 |     1 ||    16
         Potion            |       |     3 |     9 |     1 ||    13
   Stab: Sleeping          |     5 |     7 |     8 |       ||    20
         Distracted        |       |     1 |       |       ||     1
         Held in net/web   |       |     2 |       |       ||     2
         Invisible         |       |     1 |    10 |       ||    11
         Paralysed         |       |       |     4 |     1 ||     5
         Confused          |       |       |       |     2 ||     2
 Armour: Leather armour    |    13 |    47 |    30 |       ||    90
         Ring mail         |       |       |    17 |     2 ||    19
  Dodge: Dodged            |    39 |   133 |   175 |    10 ||   357
  Block: Kite shield       |       |       |     6 |    10 ||    16

Table legend: (Time is in decaauts)
 A = Elapsed time spent in this place.
 B = Non-inter-level travel time spent in this place.
 C = Inter-level travel time spent in this place.
 D = Time resting spent in this place.
 E = Time spent auto-exploring this place.
 F = Levels seen in this place.
 G = Mean time per level.
                   A        B        C        D        E       F      G
               +--------+--------+--------+--------+--------+-----+--------+
         Total |  10040 |   9665 |    375 |     18 |   8257 |  10 | 1004.0 |
       Dungeon |   9243 |   8899 |    344 |     18 |   7718 |   8 | 1155.4 |
        Temple |    232 |    201 |     31 |      0 |    185 |   1 |  232.0 |
         Sewer |    564 |    564 |      0 |      0 |    354 |   1 |  564.0 |
               +--------+--------+--------+--------+--------+-----+--------+

Top non-repeatable levels by time:
     D:5: 2015 daAuts
     D:6: 1490 daAuts
     D:3: 1347 daAuts
     D:7: 1143 daAuts
     D:1: 1053 daAuts
     D:4: 887 daAuts
     D:2: 717 daAuts
     D:8: 587 daAuts
   Sewer: 564 daAuts
  Temple: 232 daAuts
